AoeStats
← O grande

Hill Fort

506510394Analyzed
4v4 RM · 17d ago on Sep 13, 2026· 43m 37s· 8 players
Game mode
Random Map
Map size
Large (8 player)
Population
200
Speed
Normal
Resources
Standard
Victory
Conquest
Starting age
Dark Age
Ending age
Imperial Age
RankedLock teamsTeams togetherTeam positionsShared explorationLock speedFull tech treeHidden civsTurbo modeCheats
Victory
Defeat
🇨🇳 Cumans · China
1315
+15
🇩🇪 Turks · Germany
1294
+16
🇪🇸 Hindustanis · Spain
1241
+18
🇨🇳 Ethiopians · China
1239
+18
🇧🇷 Cumans · Brazil
1530
-26
🇧🇷 Spanish · Brazil
1248
-15
🇧🇷 Dravidians · Brazil
1223
-14
🇧🇷 Burgundians · Brazil
1166
-12
Phill Forest
11:11 Feudal Age
13:47 Loom
16:14 Castle Age
15:20 Double-Bit Axe
15:23 Horse Collar
18:18 Bow Saw
18:10 Heavy Plow
21:02 Wheelbarrow
25:41 Gold Mining
27:21 Scale Mail Armor
27:21 Padded Archer Armor
26:44 Pikeman
27:25 Squires
27:36 Husbandry
27:46 Bloodlines
31:52 Imperial Age
31:10 Scale Barding Armor
31:48 Forging
O grande
8:37 Feudal Age
8:01 Loom
9:05 Double-Bit Axe
12:33 Town Watch
14:28 Horse Collar
17:16 Wheelbarrow
21:11 Castle Age
19:19 Gold Mining
21:01 Forging
20:56 Scale Barding Armor
22:02 Bloodlines
22:11 Bow Saw
22:48 Heavy Plow
23:41 Chain Barding Armor
25:06 Iron Casting
28:19 Hand Cart
34:50 Imperial Age
32:40 Scale Mail Armor
32:02 Pikeman
32:42 Squires
32:28 Arson
33:41 Chain Mail Armor
33:53 Light Cavalry
34:20 Capped Ram
36:05 Plate Mail Armor
35:02 Halberdier
37:57 Blast Furnace
38:04 Plate Barding Armor
38:34 Two-Man Saw
38:04 Crop Rotation
38:10 Gold Shaft Mining
39:32 Hussar
S K Y
11:04 Feudal Age
16:06 Castle Age
14:18 Loom
15:03 Double-Bit Axe
14:59 Horse Collar
17:27 Bow Saw
19:39 Wheelbarrow
19:12 Heavy Plow
21:26 Town Watch
22:14 Hand Cart
25:37 Padded Archer Armor
25:27 Fletching
26:13 Bodkin Arrow
26:25 Pikeman
34:01 Imperial Age
32:09 Scale Mail Armor
32:20 Forging
33:09 Medical Corps
34:49 Chain Mail Armor
34:44 Forging
35:13 Halberdier
36:19 Bracer
36:40 Thumb Ring
39:34 Ballistics
40:15 Chemistry
40:50 Wootz Steel
40:10 Elite Elephant Archer
43:07 Plate Mail Armor
43:12 Iron Casting
The final stand
7:04 Double-Bit Axe
10:38 Feudal Age
9:25 Horse Collar
11:44 Bow Saw
11:46 Heavy Plow
18:53 Castle Age
18:16 Arson
18:37 Scale Barding Armor
18:43 Forging
20:22 Chain Barding Armor
21:01 Crop Rotation
19:56 Cavalier
22:36 Two-Man Saw
21:52 Husbandry
23:09 Light Cavalry
25:02 Loom
25:59 Wheelbarrow
26:14 Town Watch
29:47 Gold Mining
34:33 Hand Cart
35:30 Iron Casting
38:13 Town Patrol
MASACRE
10:47 Feudal Age
14:59 Castle Age
12:53 Double-Bit Axe
13:08 Horse Collar
16:15 Bow Saw
16:52 Wheelbarrow
19:31 Loom
19:32 Town Watch
26:14 Hand Cart
26:00 Town Patrol
29:56 Imperial Age
28:29 Bloodlines
28:20 Husbandry
29:36 Scale Barding Armor
29:42 Forging
31:00 Chain Barding Armor
32:47 Chemistry
31:53 Siege Engineers
32:28 Iron Casting
31:54 Heavy Camel Rider
33:38 Conscription
33:19 Grand Trunk Road
35:00 Gold Mining
35:00 Stone Mining
34:52 Imperial Camel Rider
38:45 Shatagni
39:25 Plate Barding Armor
38:52 Padded Archer Armor
阿酷丶
10:23 Feudal Age
9:43 Loom
17:09 Castle Age
15:33 Fletching
15:37 Double-Bit Axe
15:54 Gold Mining
17:20 Wheelbarrow
16:31 Horse Collar
17:37 Wheelbarrow
18:06 Bow Saw
17:24 Crossbowman
19:00 Squires
18:56 Fletching
21:20 Ballistics
21:23 Thumb Ring
22:56 Gold Shaft Mining
23:12 Bodkin Arrow
25:38 Padded Archer Armor
25:30 Arson
25:56 Forging
29:33 Leather Archer Armor
Les Choristes
9:00 Feudal Age
9:35 Double-Bit Axe
9:31 Horse Collar
13:01 Loom
16:41 Wheelbarrow
20:46 Castle Age
19:22 Scale Barding Armor
20:05 Bloodlines
20:00 Gold Mining
20:43 Forging
21:51 Chain Barding Armor
22:16 Bow Saw
22:08 Heavy Plow
26:38 Iron Casting
30:12 Hand Cart
32:45 Imperial Age
31:30 Town Watch
31:45 Stone Mining
34:04 Plate Barding Armor
34:30 Blast Furnace
32:52 Cavalier
34:59 Two-Man Saw
34:45 Conscription
36:02 Fletching
36:53 Bodkin Arrow
36:21 Paladin
43:06 Scale Mail Armor
Fighthausen
10:57 Feudal Age
9:15 Loom
15:23 Castle Age
13:47 Double-Bit Axe
14:10 Horse Collar
22:39 Imperial Age
21:00 Bow Saw
20:53 Gold Mining
26:56 Fletching
38:27 Wheelbarrow
37:38 Town Watch
Connection lost

Rejoining the realm…

Still unreachable

The connection could not be restored.

Session expired

The server has moved on; the page needs a fresh start.